 Dungeon Crawl Stone Soup version 0.32-a0-872-g59262bdc9b (webtiles) character file.

Game seed: 10437926754346844787

2457350 Biggs the Conqueror (level 27, 196/196 (199) HPs)
             Began as a Coglin Hunter on Mar 31, 2024.
             Was the Champion of Okawaru.
             Escaped with the Orb
             ... and 3 runes
             ... and 4 gems!
             The game lasted 02:33:52 (46817 turns).

Biggs the Conqueror (Coglin Hunter)                Turns: 46817, Time: 02:33:53

HP:   196/196 (199) AC: 24    Str: 17    XL:     27
MP:   29/29         EV: 37    Int:  4    God:    Okawaru [******]
Gold: 8540          SH:  0    Dex: 29    Spells: 26/26 levels left

rFire   + + +        c - +8 hand cannon (drain) {Dave}
rCold   + . .        P - +7 hand cannon (freeze) {Navbir}
rNeg    . . .        r - quicksilver dragon scales
rPois   +            Y - +0 helmet of Infinity {rC+ Regen+}
rElec   +            t - +0 cloak of the Other World {Fly rF++}
rCorr   +            L - +0 pair of gloves of Supple Strength {rElec Regen+ Stlth+}
SInv    .            T - +2 pair of boots
Will    +++..        (amulet unavailable)
Stlth   +            (ring unavailable)
HPRegen 2.92/turn    (ring unavailable)
MPRegen 0.61/turn    O - hydroarticulated generator {rPois rF+ Regen+ RegenMP+ rCorr}

%: random rage (3%)
@: flying, studying 2 skills, lightly drained
A: off-hand wielding, slow wielding, warmup strikes, no jewellery, fangs 1,
berserk 1, deterioration 1, dopey 2, frail 2, screaming 1, strong 1, evolution 1
0: Orb of Zot
}: 3/15 runes: serpentine, barnacled, silver
a: Renounce Religion, Heroism, Finesse, Duel


You escaped.
You worshipped Okawaru.
Okawaru was exalted by your worship.
You visited 10 branches of the dungeon, and saw 48 of its levels.
You visited the Abyss 1 time.
You also visited: Bailey, Ice Cave and Wizlab.

You collected 12750 gold pieces.
You spent 4210 gold pieces at shops.

Inventory:

Hand Weapons
 c - a +8 hand cannon of draining (weapon) {Dave}
 d - the +3 greatsling "Punk" {acid, rCorr}
   (Okawaru gifted it to you on level 2 of the Lair of Beasts)

   rCorr:     It protects you from acid and corrosion.
 p - a +0 hand cannon
 P - a +7 hand cannon of freezing (offhand) {Navbir}
Missiles
 a - 7 throwing nets
Armour
 b - a +2 helmet of see invisible
 r - quicksilver dragon scales (worn)
 t - the +0 cloak of the Other World (worn) {Fly rF++}
   (You found it on level 5 of the Vaults)

   rF++:      It greatly protects you from fire.
   Fly:       It grants you flight.
 u - a +3 troll leather armour
 L - the +0 pair of gloves of Supple Strength (worn) {rElec Regen+ Stlth+}
   (Okawaru gifted it to you on level 2 of the Lair of Beasts)

   rElec:     It insulates you from electricity.
   Regen+:    It increases your rate of health regeneration.
   Stlth+:    It makes you more stealthy.
 T - a +2 pair of boots (worn)
 V - the +0 pair of gloves of Zigik {rF+ rN+}
   (You acquired it on level 2 of the Lair of Beasts)

   rF+:       It protects you from fire.
   rN+:       It protects you from negative energy.
 Y - the +0 helmet of Infinity (worn) {rC+ Regen+}
   (You found it on level 3 of the Elven Halls)

   rC+:       It protects you from cold.
   Regen+:    It increases your rate of health regeneration.
Gizmo
 O - a hydroarticulated generator (installed) {rPois rF+ Regen+ RegenMP+ rCorr}
   (You invented it yourself on level 11 of the Dungeon)

   [hydroarticulated generator]

   rF+:       It protects you from fire.
   rPois:     It protects you from poison.
   Regen+:    It increases your rate of health regeneration.
   rCorr:     It protects you from acid and corrosion.
   RegenMP+:  It increases your rate of magic regeneration.
Wands
 q - a wand of paralysis (62)
 y - a wand of roots (75)
 B - a wand of acid (30)
 D - a wand of flame (147)
 N - a wand of mindburst (29)
 X - a wand of polymorph (10)
 Z - a wand of digging (10)
Scrolls
 e - 3 scrolls of revelation
 f - 6 scrolls of fog
 h - 13 scrolls of fear
 i - 7 scrolls of amnesia
 l - 15 scrolls of vulnerability
 m - 30 scrolls of identify
 n - 2 scrolls of silence
 v - 3 scrolls of blinking
 z - 25 scrolls of teleportation
 A - 5 scrolls of immolation
 C - a scroll of brand weapon
 K - 9 scrolls of poison
Potions
 g - 8 potions of enlightenment
 j - 33 potions of curing
 k - 7 potions of cancellation
 o - 3 potions of magic
 s - 7 potions of lignification
 w - 3 potions of might
 x - 7 potions of heal wounds
 E - 8 potions of berserk rage
 F - 10 potions of resistance
 G - 10 potions of haste
 H - 5 potions of invisibility
 J - 8 potions of attraction
 R - 11 potions of mutation
 S - 5 potions of brilliance
 W - a potion of ambrosia
Miscellaneous
 M - a tin of tremorstones (2/2)
 Q - a Gell's gravitambourine (2/2)


   Skills:
 O Level 27 Fighting
 - Level 18.0 Ranged Weapons
 + Level 15.7 Armour
 O Level 27 Dodging
 - Level 0.7 Stealth
 - Level 8.0 Invocations
 - Level 16.2 Evocations


You had 26 spell levels left.
You didn't know any spells.
Your spell library contained the following spells:

 Spells                   Type           Power      Damage    Failure   Level
 Apportation              Tloc           0%         N/A       63%         1
 Foxfire                  Conj/Fire      0%         2x1d4     63%         1
 Necrotise                Necr           0%         1d4       63%         1
 Sandblast                Erth           0%         2d4       63%         1
 Sting                    Conj/Alch      0%         1d3       63%         1
 Blink                    Tloc           0%         N/A       77%         2
 Cigotuvi's Dreadful Rot  Necr/Alch/Air  0%         N/A       77%         2
 Jinxbite                 Hex            0%         N/A       77%         2
 Lesser Beckoning         Tloc           0%         N/A       77%         2
 Mercury Vapours          Alch/Air       0%         N/A       77%         2
 Momentum Strike          Conj/Tloc      0%         3d8       77%         2
 Static Discharge         Conj/Air       0%         3-3/arc   77%         2
 Sublimation of Blood     Necr           0%         N/A       77%         2
 Dazzling Flash           Conj/Hex       0%         N/A       94%         3
 Fugue of the Fallen      Necr           0%         N/A       94%         3
 Inner Flame              Hex/Fire       0%         N/A       94%         3
 Mephitic Cloud           Conj/Alch/Air  0%         N/A       94%         3
 Ozocubu's Armour         Ice            0%         N/A       94%         3
 Stone Arrow              Conj/Erth      0%         3d7       94%         3
 Teleport Other           Tloc           0%         N/A       94%         3
 Vampiric Draining        Necr           0%         2d6       94%         3
 Volatile Blastmotes      Fire/Tloc      0%         2d10      94%         3
 Airstrike                Air            0%         2d(0-16)  100%        4
 Anguish                  Hex/Necr       0%         N/A       100%        4
 Brom's Barrelling Bould  Conj/Erth      0%         2d3       100%        4
 Cause Fear               Hex            0%         N/A       100%        4
 Dimensional Bullseye     Hex/Tloc       0%         N/A       100%        4
 Dispel Undead            Necr           0%         3d6       100%        4
 Fulminant Prism          Conj/Alch      0%         3d5       100%        4
 Ignite Poison            Fire/Alch      0%         N/A       100%        4
 Iskenderun's Mystic Bla Conj/Tloc 0%             2d3        (+2d1     100%        4
 Leda's Liquefaction      Alch/Erth      0%         N/A       100%        4
 Maxwell's Portable Pile  Tloc           0%         2d(5-10)  100%        4
 Olgreb's Toxic Radiance  Alch           0%         N/A       100%        4
 Passage of Golubria      Tloc           0%         N/A       100%        4
 Sticky Flame             Fire/Alch      0%         2d4       100%        4
 Vhi's Electric Charge    Tloc/Air       0%         N/A       100%        4
 Arcjolt                  Conj/Air       0%         1d10      100%        5
 Borgnjor's Vile Clutch   Necr/Erth      0%         N/A       100%        5
 Curse of Agony           Necr           0%         N/A       100%        5
 Fireball                 Conj/Fire      0%         3d3       100%        5
 Freezing Cloud           Conj/Ice/Air   0%         6-21      100%        5
 Irradiate                Conj/Alch      0%         3d11      100%        5
 Iskenderun's Battlesphe  Conj           0%         2d6       100%        5
 Silence                  Hex/Air        0%         N/A       100%        5
 Yara's Violent Unravell  Hex/Alch       0%         3d3       100%        5
 Conjure Ball Lightning   Conj/Air       0%         3x3d6     100%        6
 Dispersal                Tloc           0%         N/A       100%        6
 Eringya's Noxious Bog    Alch           0%         4d6       100%        6
 Gell's Gavotte           Tloc           0%         2d(11-16) 100%        6
 Plasma Beam              Fire/Air       0%         2x1d10    100%        6
 Starburst                Conj/Fire      0%         6d3       100%        6
 Enfeeble                 Hex            0%         N/A       100%        7
 Manifold Assault         Tloc           0%         N/A       100%        7
 Orb of Destruction       Conj           0%         9d5       100%        7
 Ozocubu's Refrigeration  Ice            0%         4d7       100%        7
 Borgnjor's Revivificati  Necr           0%         N/A       100%        8
 Disjunction              Tloc           0%         N/A       100%        8
 Ignition                 Fire           0%         3d3       100%        8
 Lehudib's Crystal Spear  Conj/Erth      0%         10d2      100%        8
 Maxwell's Capacitive Co  Air            0%         ∞         100%        8
 Death's Door             Necr           0%         N/A       100%        9
 Polar Vortex             Ice            0%         N/A       100%        9
 Summon Small Mammal      Summ           Unusable   N/A       N/A         1
 Call Imp                 Summ           Unusable   N/A       N/A         2
 Tukima's Dance           Hex            Unusable   N/A       N/A         3
 Animate Armour           Summ/Erth      Unusable   N/A       N/A         4
 Martyr's Knell           Necr/Summ      Unusable   N/A       N/A         4
 Summon Lightning Spire   Summ/Air       Unusable   N/A       N/A         4
 Summon Forest            Summ/Tloc      Unusable   N/A       N/A         5
 Death Channel            Necr           Unusable   N/A       N/A         6
 Sculpt Simulacrum        Ice/Alch       Unusable   N/A       N/A         6
 Haunt                    Necr/Summ      Unusable   N/A       N/A         7
 Summon Hydra             Summ           Unusable   N/A       N/A         7
 Dragon's Call            Summ           Unusable   N/A       N/A         9

Dungeon Overview and Level Annotations

Branches:
Dungeon (15/15)            Temple (1/1) D:4            Lair (5/5) D:9
 Shoals (4/4) Lair:2        Snake (4/4) Lair:3        Slime (0/5) Lair:4
    Orc (2/2) D:9             Elf (3/3) Orc:2        Vaults (5/5) D:14
  Crypt (0/3) Vaults:2     Depths (4/4) D:15            Zot (5/5) Depths:4
 Bailey (visited)           IceCv (visited)          WizLab (visited)

Altars:
Ashenzari
Cheibriados
Dithmenos
Elyvilon
Fedhas
Gozag
Hepliaklqana
Kikubaaqudgha
Makhleb
Nemelex Xobeh
Okawaru
Qazlal
Ru
Sif Muna
Trog
Uskayaw
Vehumet
Wu Jian
Xom
Yredelemnul
Zin
The Shining One

Shops:
D:1 [   D:2 *([([   D:5 !   D:9 :   D:12 :   Orc:1 !   Orc:2 *([[!   Elf:1 :
Elf:2 *(![   Shoals:2 *:   Shoals:4 !   Snake:4 =   Vaults:2 (   Vaults:5 !
Depths:3 =:=

Portals:
Hell: Depths:1 Depths:2 Depths:3 Depths:4
Abyss: Depths:1 Depths:3
Pandemonium: Depths:2 Depths:4
Ziggurat: Depths:4

Annotations:
D:5 Eustachio
Shoals:2 exclusion: orange crystal statue
Snake:1 3 runed translucent doors, Fadon's ghost, adept MDRe


Innate Abilities, Weirdness & Mutations

You can wield a second weapon in your off-hand.
It takes a long time for you to wield or remove held weapons.
Your first few attacks do less damage.
You cannot equip rings or amulets.
You have very sharp teeth.
You sometimes lose your temper in combat.
Your body sometimes deteriorates upon taking damage.
You are very dopey. (Int -4)
You are very frail. (-20% HP)
You occasionally shout uncontrollably at your foes.
Your muscles are strong. (Str +4, Int/Dex -1)
You have hidden genetic potential.


Message History

The shadow demon is lightly wounded.
You shoot a slug. The slug hits the shadow demon!
The shadow demon is moderately wounded.
You shoot a slug. The slug hits the shadow demon!
The shadow demon is severely wounded.
You shoot a slug.
The slug hits the shadow demon but does no damage.
The shadow demon is severely wounded.
You shoot a slug. The slug hits the shadow demon!!
You kill the shadow demon!
Okawaru accepts your kill.
No target in view!
HP restored.
Things that are here:
a +0 dagger; a goblin skeleton A red devil comes into view.
It is wielding a +0 trident.
Your line of fire to the red devil is blocked by a plant.
Your line of fire to the red devil is blocked by a plant.
Unknown command.
Your line of fire to the red devil is blocked by a plant.
Unknown command.
Unknown command.
Your line of fire to the red devil is blocked by a plant.
Unknown command.
You see here a +0 falchion.
You shoot a slug. The slug barely misses the red devil.
You shoot a slug. The slug hits the red devil!!
The red devil is severely wounded.
Unknown command.
You shoot a slug.
The slug completely misses the red devil.
You shoot a slug. The slug hits the red devil!
The slug freezes the red devil!
You kill the red devil!
Okawaru accepts your kill.
No target in view!
Unknown command.
No target in view!
Unknown command.
There is a staircase leading out of the dungeon here.
You have escaped!

.#.#######.############
.#.#### #.P~~≈≈≈≈≈≈≈P#
......# #.)P~~≈≈≈≈~P.#
.#.#######...P~~≈≈≈P..#
..........)...P~~~P...#
.#.######......P~P....#
...####.........P.....#
.#.#..................##
.#.#######......@......#
.#.# #...[...........#
.#.#####.#......P......#
...............P~P.....#
####.....#....P~~~P....#
#.........P~~≈≈~P...#
#........P~~≈≈≈≈~P..#
#(......P≈~≈≈≈≈≈≈~P.#
#.....#.###########.#


There were no monsters in sight!

Vanquished Creatures
  A pandemonium lord (D:13)
  6 dread liches
  3 orbs of fire (Zot:5)
  Mennas (Vaults:5)
  2 juggernauts
  Mara (Vaults:4)
  Bai Suzhen (Snake:3)
  Boris (thrice) (Vaults:4 Depths:1 Depths:4)
  Vashnia (Arena)
  Vv (Depths:3)
  11 Killer Klowns (Zot:5)
  Margery (Vaults:4)
  3 caustic shrikes (Depths:2)
  Saint Roka (Vaults:2)
  Nikola (Snake:2)
  14 golden dragons
  2 bone dragons
  2 Tzitzimimeh
  3 electric golems
  19 tentacled monstrosities
  2 Brimstone Fiends
  An Ice Fiend (Depths:4)
  2 walking earthen tomes (Depths:3)
  The ghost of TwadoKnight the Slayer, an adept MiFi of Gozag (Vaults:1)
  A hellephant (Zot:1)
  6 liches
  5 titans
  29 Orb Guardians
  2 deep elf blademasters
  5 sphinxes
  2 deep elf master archers (Elf:3)
  6 quicksilver dragons
  Gastronok (D:10)
  A searing wretch (Vaults:4)
  Agnes (Snake:3)
  7 death cobs
  11 tengu reavers
  Polyphemus (Shoals:2)
  Donald (Shoals:1)
  14 storm dragons
  Aizul (Snake:4)
  8 shadow dragons
  Roxanne (Shoals:4)
  Ilsuiw (Shoals:4)
  7 frost giants
  10 fire giants
  7 draconian monks
  4 nagarajas (Snake:4)
  9 draconian knights
  3 deep elf sorcerers (Elf:3)
  9 draconian scorchers
  A balrug (Zot:4)
  2 protean progenitors (Zot:5)
  7 draconian shifters
  3 ghost moths
  12 vault wardens
  24 slime creatures
  An orc warlord (Bailey)
  8 draconian stormcallers
  Louise (Shoals:3)
  A demonspawn corrupter (D:9)
  5 spectral caustic shrikes (Depths:2)
  2 cacodemons
  4 deep elf elementalists
  3 spriggan defenders (Depths:3)
  A caustic shrike zombie (Depths:2)
  10 ironbound preservers
  13 stone giants
  A demonspawn blood saint (D:2)
  10 ironbound thunderhulks
  4 formless jellyfish
  3 draconian annihilators
  7 deep elf death magi
  8 very ugly things
  9 green draconians
  8 deep elf demonologists
  A demonspawn black sun (D:2)
  13 red draconians
  10 black draconians
  15 purple draconians
  Nessos (D:15)
  18 dire elephants
  2 lorocyprocas
  6 deep elf annihilators
  12 white draconians
  8 spark wasps (Depths:4)
  8 war gargoyles
  10 yellow draconians
  A blizzard demon (Depths:3)
  4 green deaths
  An entropy weaver (Vaults:1)
  6 merfolk javelineers
  An eidolon (Vaults:2)
  A jiangshi (Vaults:2)
  2 crystal guardians (Vaults:3)
  2 spectral krakens (Shoals:4)
  6 deep elf high priests
  6 fire dragons
  12 yaktaur captains
  Josephine (D:12)
  11 ettins
  10 merfolk impalers
  5 rakshasas
  35 vault guards
  2 spectral shadow dragons (Vaults:1)
  7 great orbs of eyes
  2 ghost crabs (Shoals:4)
  10 peacekeepers
  20 ice dragons
  An ogre mage (Vaults:1)
  3 merfolk avatars
  3 ironbound frosthearts
  4 salamander tyrants
  Erica (D:9)
  15 centaur warriors
  7 anacondas
  8 hydras
  4 spriggan air magi
  3 catoblepae
  4 merfolk aquamancers (Shoals:4)
  A two-headed ogre (shapeshifter) (Depths:3)
  5 two-headed ogres
  2 death yaks (Shoals:2)
  3 boulder beetles
  A sphinx skeleton (Depths:2)
  4 alligator snapping turtles
  3 satyrs
  3 deep troll shamans
  26 dancing weapons
  4 tengu warriors
  2 vampire magi (Vaults:2)
  A spectral dire elephant (Lair:5)
  8 deep troll earth magi
  13 naga warriors
  8 naga sharpshooters
  6 orc high priests
  Sonja (Orc:2)
  Urug (Orc:2)
  12 hell knights
  6 spriggan berserkers
  3 occultists
  4 sun demons (Zot:4)
  25 deep elf knights
  9 shock serpents
  2 shock serpents (shapeshifter)
  A soul eater (D:2)
  A spectral death yak (Lair:5)
  A titan skeleton (Depths:2)
  3 salamander mystics
  A skyshark (shapeshifter) (Depths:2)
  A shadow wraith (Vaults:5)
  An iron troll (Depths:4)
  10 skeletal warriors
  5 skysharks
  2 goliath frogs (Zot:5)
  A spectral anaconda (Lair:5)
  Lodul (D:11)
  5 mana vipers
  14 sea snakes
  A sixfirhy (D:5)
  A shadow demon (D:1)
  2 swamp dragons (Zot:2)
  A deep troll (shapeshifter) (Vaults:5)
  6 glowing orange brains
  6 arcanists
  4 phantasmal warriors
  8 naga ritualists
  19 deep trolls
  An orange crystal statue (IceCv)
  6 lindwurms
  2 obsidian statues
  6 deep elf archers
  19 ironbound convokers
  4 thermic dynamos
  3 harpies (Shoals:3)
  2 lightning spires (WizLab)
  35 deep elf zephyrmancers
  10 necromancers
  3 large abominations
  20 deep elf pyromancers
  A spectral merfolk (Shoals:4)
  9 orc knights
  5 cyclopes
  An obsidian bat (Orc:2)
  31 ugly things
  7 orc sorcerers
  A wolf spider zombie (D:15)
  An oklob plant (Shoals:1)
  16 manticores
  24 moths of wrath
  35 fauns
  A steelbarb worm (shapeshifter) (Vaults:5)
  12 salamanders
  3 meliai (D:15)
  36 elephants
  Maurice (D:9)
  9 vault sentinels
  10 merfolk sirens
  29 black mambas
  19 naga magi
  6 gargoyles
  8 guardian serpents
  2 kobold blastminers (Orc:2)
  A titan simulacrum (Vaults:1)
  An ice statue (Shoals:2)
  A water nymph (Shoals:4)
  2 molten gargoyles (WizLab)
  3 smoke demons (Depths:2)
  An eye of devastation (shapeshifter) (Depths:4)
  2 centaur zombies (D:15)
  7 storm dragon simulacra (IceCv)
  4 orange demons
  16 cane toads
  7 komodo dragons
  29 yaktaurs
  An unseen horror (shapeshifter) (Elf:1)
  An unseen horror (D:12)
  A hellion (Zot:5)
  3 rime drakes
  6 tengu conjurers
  2 freezing wraiths
  An efreet (D:15)
  A tormentor (Depths:2)
  2 spectral harpies (Shoals:4)
  7 golden dragon simulacra (IceCv)
  A red devil (D:1)
  An ice devil (Zot:1)
  31 merfolk
  5 polar bears
  5 trolls
  2 hornets
  8 wind drakes
  Grinder (D:5)
  19 blink frogs
  A stone giant simulacrum (Vaults:1)
  A fire giant simulacrum (Vaults:1)
  8 snapping turtles
  6 dream sheep (Lair:5)
  A culicivora (shapeshifter) (D:14)
  3 spectral wind drakes (Shoals:4)
  38 yaks
  2 spriggans
  13 water elementals
  9 wraiths
  4 air elementals
  A dire elephant simulacrum (Lair:5)
  3 basilisks
  5 fire elementals
  7 wyverns
  Grum (D:9)
  A ynoxinul (Zot:2)
  9 golden eyes
  A neqoxec (Zot:5)
  2 wargs
  9 redbacks
  A redback (shapeshifter) (Elf:1)
  2 steam dragons
  A death yak simulacrum (Lair:5)
  2 chaos spawn
  A spectral snapping turtle (Shoals:4)
  2 acid dragons
  4 spatial vortices (Abyss:3)
  13 water moccasins
  2 spectral cane toads (Lair:5)
  32 nagas
  3 hell hounds (Zot:5)
  3 black bears
  An ice beast (D:9)
  26 orc warriors
  An elephant zombie (Lair:5)
  4 ice dragon simulacra (IceCv)
  An ettin simulacrum (Vaults:1)
  2 laughing skulls (D:14)
  10 ogres
  A spriggan simulacrum (Depths:2)
  3 boggarts (Vaults:1)
  13 centaurs
  21 wolves
  2 elephant skeletons (Lair:5)
  4 kobold brigands
  5 bullfrogs
  A gnoll sergeant (D:9)
  3 earth elementals
  A glowing shapeshifter simulacrum (Vaults:1)
  3 cane toad simulacra (Lair:5)
  14 scorpions
  8 wights (D:7)
  3 elephant simulacra (Lair:5)
  3 lindwurm simulacra (IceCv)
  An electric eel (Lair:3)
  5 howler monkeys
  3 human simulacra (Vaults:1)
  5 hounds
  2 jellies
  16 orc priests
  Crazy Yiuf (D:2)
  4 iguanas
  5 sleepcaps
  24 orc wizards
  8 gnolls
  12 adders
  A shadow imp (D:6)
  2 white imps
  2 ufetubi (D:7)
  2 ribbon worms
  A dart slug (D:4)
  71 orcs
  7 endoplasms
  8 giant cockroaches
  18 goblins
  11 hobgoblins
  2 jackals (D:2)
  37 kobolds
  4 quokkas
  7 ball pythons
  8 bats
  A frilled lizard (D:3)
  4 rats
  An aspiring flesh (Zot:5)
  5 tentacles (Shoals:4)
2083 creatures vanquished.

Vanquished Creatures (others)
  A golden dragon (Zot:2)
  A draconian knight (Zot:4)
  A boulder beetle (Vaults:4)
  A hell knight (Depths:1)
  A naga sharpshooter (Snake:3)
  A deep elf knight (Elf:2)
  A deep elf zephyrmancer (Elf:1)
  A slime creature (D:14)
  A water elemental (Depths:3)
  A wyvern (Zot:5)
  7 tentacles (Shoals:4)
17 creatures vanquished.

Grand Total: 2100 creatures vanquished

Notes
Turn   | Place    | Note
-------+----------+-------------------------------------------
     0 | D:1      | Biggs the Coglin Hunter began the quest for the Orb.
     0 | D:1      | Reached XP level 1. HP: 16/16 MP: 1/1
    68 | D:1      | Reached XP level 2. HP: 22/22 MP: 2/2
    68 | D:1      | Found a faded altar of an unknown god.
   152 | D:1      | Found Doofimut's Armour Shoppe.
   546 | D:1      | Reached XP level 3. HP: 3/27 MP: 3/3
   694 | D:2      | Found Gutuisix's Weapon Shop.
   747 | D:2      | Found Obboheth's Weapon Shop.
   765 | D:2      | Reached skill level 5 in Ranged Weapons
   765 | D:2      | Reached XP level 4. HP: 33/33 MP: 4/4
   848 | D:2      | Found Apilae Vaxi's Armour Shoppe.
   892 | D:2      | Found Unocw's Armour Shoppe.
  1088 | D:2      | Found Edenli Abau's Assorted Antiques.
  1231 | D:2      | Found a runed translucent door.
  1232 | D:2      | Noticed Crazy Yiuf
  1553 | D:3      | Noticed a scorpion
  1559 | D:3      | Killed a scorpion
  1560 | D:3      | Reached XP level 5. HP: 37/38 MP: 5/5
  1787 | D:3      | Found a stormy altar of Qazlal.
  2161 | D:4      | Reached XP level 6. HP: 32/44 MP: 6/6
  2243 | D:4      | Found a shimmering blue altar of Sif Muna.
  2244 | D:4      | Found a bloodstained altar of Trog.
  2247 | D:4      | You fall into a shaft and drop 3 floors!
  2468 | D:6      | Noticed a black bear
  2475 | D:6      | Killed a black bear
  2525 | D:6      | Noticed a water moccasin
  2532 | D:6      | Killed a water moccasin
  2533 | D:6      | Reached XP level 7. HP: 50/50 MP: 7/7
  2711 | D:5      | Entered Level 5 of the Dungeon
  2986 | D:4      | Found an opulent altar of Gozag.
  3079 | D:4      | Found a staircase to the Ecumenical Temple.
  3102 | Temple   | Entered the Ecumenical Temple
  3432 | D:4      | Reached XP level 8. HP: 57/57 MP: 8/8
  3760 | D:4      | Found an iron altar of Okawaru.
  3762 | D:4      | Found a shimmering altar of Xom.
  3802 | D:4      | Found a sparkling altar of Nemelex Xobeh.
  3881 | D:5      | Noticed Grinder
  3883 | D:5      | Paralysed by Grinder for 5 turns
  3901 | D:5      | Killed Grinder
  3972 | D:5      | Found a basalt altar of Yredelemnul.
  3985 | D:5      | Reached skill level 5 in Fighting
  4010 | D:4      | Became a worshipper of Warmaster Okawaru
  4408 | D:5      | Found a broken altar of Ashenzari.
  4412 | D:5      | Saw a vision of the Shoals and the Snake Pit.
  4412 | D:5      | Noticed a naga mage
  4412 | D:5      | Noticed a naga mage
  4412 | D:5      | Noticed a manticore
  4412 | D:5      | Noticed a wind drake
  4412 | D:5      | Noticed a manticore
  4412 | D:5      | Noticed a water nymph
  4412 | D:5      | Noticed a mana viper
  4412 | D:5      | Noticed a water elemental
  4412 | D:5      | Noticed a salamander
  4412 | D:5      | Noticed a sea snake
  4412 | D:5      | Noticed a black mamba
  4413 | D:5      | Noticed a naga mage
  4413 | D:5      | Noticed a merfolk
  4413 | D:5      | Noticed Eustachio
  4413 | D:5      | Noticed a merfolk
  4414 | D:5      | Noticed a naga mage
  4537 | D:5      | Found Efuwig's Distillery.
  4542 | D:5      | Bought a potion of heal wounds for 70 gold pieces
  4542 | D:5      | Bought a potion of curing for 42 gold pieces
  4542 | D:5      | Bought a potion of heal wounds for 70 gold pieces
  4542 | D:5      | Bought a potion of curing for 42 gold pieces
  5398 | D:7      | Reached * piety under Okawaru
  5399 | D:7      | Reached XP level 9. HP: 68/68 MP: 9/9
  5642 | D:7      | Reached skill level 10 in Ranged Weapons
  6186 | D:7      | Reached ** piety under Okawaru
  6651 | D:8      | Noticed a two-headed ogre
  6658 | D:8      | HP: 2/68 [two-headed ogre/+0 giant club (23)]
  6659 | D:8      | Killed a two-headed ogre
  6659 | D:8      | Reached *** piety under Okawaru
  6660 | D:8      | Reached XP level 10. HP: 3/74 MP: 10/10
  6946 | D:8      | Found an ornate altar of the Wu Jian Council.
  7839 | D:2      | Killed Crazy Yiuf
  8230 | D:9      | Noticed Erica
  8242 | D:9      | Killed Erica
  8242 | D:9      | Reached **** piety under Okawaru
  8375 | D:9      | Noticed Maurice
  8655 | D:9      | Found a staircase to the Lair.
  8778 | D:9      | Found a staircase to the Orcish Mines.
  9010 | D:9      | Reached XP level 11. HP: 79/79 MP: 11/11
  9188 | D:9      | Noticed Grum
  9200 | D:9      | HP: 3/79 [Grum/-2 glaive (21)]
  9206 | D:9      | Killed Grum
  9459 | D:9      | Killed Maurice
  9574 | D:9      | Found Qiruecader's Book Shoppe.
  9731 | D:10     | Entered Level 10 of the Dungeon
  9806 | D:10     | Reached ***** piety under Okawaru
  9818 | D:10     | Reached skill level 5 in Evocations
 10067 | D:10     | Noticed Gastronok
 10096 | D:10     | Killed Gastronok
 10096 | D:10     | Received a gift from Okawaru
 10231 | D:10     | Found a flagged portal.
 10242 | Bailey   | Entered a bailey
 10252 | Bailey   | Noticed an orc warlord
 10331 | Bailey   | Found a runed translucent gate.
 10334 | Bailey   | Found a runed translucent gate.
 10336 | Bailey   | Found a runed translucent gate.
 10464 | Bailey   | Killed an orc warlord
 10564 | D:10     | Acquired a +3 hand cannon of draining
 10591 | D:10     | Identified the +6 spear of Blood {flame, rElec rPois}
 10744 | Lair:1   | Entered Level 1 of the Lair of Beasts
 10791 | Lair:1   | Received a gift from Okawaru
 10792 | Lair:1   | Reached skill level 15 in Ranged Weapons
 10792 | Lair:1   | Reached XP level 12. HP: 59/94 MP: 12/12
 10837 | Lair:1   | Noticed a boulder beetle
 10846 | Lair:1   | Killed a boulder beetle
 11107 | Lair:1   | Received a gift from Okawaru
 11464 | Lair:2   | Reached ****** piety under Okawaru
 11511 | Lair:2   | Acquired the +0 pair of gloves of Supple Strength {rElec
                  | Regen+ Stlth+}
 11511 | Lair:2   | Received a gift from Okawaru
 11525 | Lair:2   | Acquired the +3 greatsling "Punk" {acid, rCorr}
 11525 | Lair:2   | Received a gift from Okawaru
 11525 | Lair:2   | Found the +3 greatsling "Punk" {acid, rCorr}
 11556 | Lair:2   | Found a staircase to the Shoals.
 11684 | Lair:2   | Received a gift from Okawaru
 11752 | Lair:2   | Noticed a catoblepas
 11757 | Lair:2   | Killed a catoblepas
 11762 | Lair:2   | Reached XP level 13. HP: 99/99 MP: 13/13
 12128 | Lair:3   | Found a staircase to the Snake Pit.
 12290 | Lair:3   | Received a gift from Okawaru
 12298 | Lair:3   | Reached skill level 5 in Dodging
 12895 | Lair:4   | Received a gift from Okawaru
 13144 | Lair:4   | Received a gift from Okawaru
 13345 | Lair:4   | Found a staircase to the Slime Pits.
 13512 | Lair:5   | Entered Level 5 of the Lair of Beasts
 13520 | Lair:5   | Reached XP level 14. HP: 106/106 MP: 14/14
 13536 | Lair:5   | Reached skill level 10 in Dodging
 13632 | Lair:5   | Received a gift from Okawaru
 13820 | Lair:5   | Reached skill level 10 in Fighting
 13968 | Lair:5   | Received a gift from Okawaru
 14245 | Lair:5   | Noticed a dire elephant
 14245 | Lair:5   | Noticed a dire elephant
 14245 | Lair:5   | Noticed a dire elephant
 14245 | Lair:5   | Noticed a dire elephant
 14250 | Lair:5   | Killed a dire elephant
 14342 | Lair:5   | Reached skill level 1 in Invocations
 14446 | Lair:5   | Received a gift from Okawaru
 14494 | Lair:5   | Killed a dire elephant
 14496 | Lair:5   | Killed a dire elephant
 14499 | Lair:5   | Killed a dire elephant
 14514 | Lair:5   | Got an earthy gem with 10 turns to spare
 15088 | D:1      | Bought a +2 pair of boots of rampaging for 301 gold pieces
 15441 | D:11     | Noticed Lodul
 15445 | D:11     | Killed Lodul
 15446 | D:11     | Reached skill level 5 in Invocations
 15459 | D:11     | Reached XP level 15. HP: 120/120 MP: 18/18
 15573 | D:11     | Received a gift from Okawaru
 15830 | D:11     | Acquired a hydroarticulated generator {rPois rF+ Regen+
                  | RegenMP+ rCorr}
 15934 | D:12     | Noticed Josephine
 15942 | D:12     | Killed Josephine
 16134 | D:12     | Found Bical's Book Boutique.
 16187 | D:12     | Received a gift from Okawaru
 16632 | D:13     | Reached skill level 1 in Armour
 17326 | D:14     | Reached skill level 5 in Armour
 17374 | D:14     | Received a gift from Okawaru
 17392 | D:14     | Found a gate to the Vaults.
 18279 | Orc:1    | Entered Level 1 of the Orcish Mines
 18410 | Orc:1    | Found Cala's Distillery.
 18431 | Orc:1    | Bought a potion of cancellation for 112 gold pieces
 18431 | Orc:1    | Bought a potion of curing for 42 gold pieces
 18431 | Orc:1    | Bought a potion of curing for 42 gold pieces
 18431 | Orc:1    | Bought a potion of heal wounds for 70 gold pieces
 18431 | Orc:1    | Bought a potion of curing for 42 gold pieces
 18635 | Orc:2    | Entered Level 2 of the Orcish Mines
 18635 | Orc:2    | Found Ippuc's General Store.
 18720 | Orc:2    | Noticed Sonja
 18723 | Orc:2    | Killed Sonja
 18761 | Orc:2    | Received a gift from Okawaru
 18828 | Orc:2    | Bought a scroll of acquirement for 780 gold pieces
 18829 | Orc:2    | Acquired 718 gold pieces
 18915 | Orc:2    | Noticed Urug
 18922 | Orc:2    | Reached XP level 16. HP: 129/129 MP: 22/22
 18927 | Orc:2    | Killed Urug
 18991 | Orc:2    | Found a staircase to the Elven Halls.
 19192 | Orc:2    | Found Offit's Weapon Emporium.
 19192 | Orc:2    | Found Vowkiudd's Distillery.
 19194 | Orc:2    | Found Buinan's Armour Shop.
 19194 | Orc:2    | Found Moajil's Antique Armour Emporium.
 19208 | Orc:2    | Bought a shiny helmet for 202 gold pieces
 19208 | Orc:2    | Bought a pair of glowing boots for 202 gold pieces
 19235 | Orc:2    | Bought a potion of heal wounds for 70 gold pieces
 19235 | Orc:2    | Bought 2 potions of heal wounds for 140 gold pieces
 19235 | Orc:2    | Bought a potion of haste for 140 gold pieces
 19235 | Orc:2    | Bought a potion of haste for 140 gold pieces
 19235 | Orc:2    | Bought a potion of resistance for 140 gold pieces
 19235 | Orc:2    | Bought a potion of mutation for 112 gold pieces
 19597 | Shoals:1 | Entered Level 1 of the Shoals
 19725 | Shoals:1 | Received a gift from Okawaru
 19843 | Shoals:1 | Found a shadowy altar of Dithmenos.
 19916 | Shoals:1 | Noticed Donald
 19922 | Shoals:1 | Killed Donald
 20072 | Shoals:1 | Reached skill level 15 in Fighting
 20177 | Shoals:2 | Noticed Polyphemus
 20188 | Shoals:2 | Killed Polyphemus
 20189 | Shoals:2 | Received a gift from Okawaru
 20301 | Shoals:2 | Found Bauj's Vocational Training.
 20326 | Shoals:2 | Found a glacial archway.
 20338 | IceCv    | Entered an ice cave
 20477 | IceCv    | Noticed a golden dragon
 20486 | IceCv    | Killed a golden dragon
 20553 | IceCv    | Identified the ring of the Messenger {rCorr Str+6}
 20653 | IceCv    | Received a gift from Okawaru
 20731 | Shoals:2 | Found a transporter.
 20742 | Shoals:2 | Found the amulet of Vitality {Regen++ RegenMP++}
 20743 | Shoals:2 | Found a transporter.
 20743 | Shoals:2 | Found the +11 plutonium sword {^Contam Stlth-}
 20877 | Shoals:2 | Found Luresacve's General Store.
 20880 | Shoals:2 | Reached XP level 17. HP: 83/146 MP: 23/23
 21366 | Shoals:3 | Received a gift from Okawaru
 21375 | Shoals:3 | Found a sacrificial altar of Ru.
 21467 | Shoals:3 | Noticed Louise
 21476 | Shoals:3 | Killed Louise
 21703 | Shoals:3 | Found an opulent altar of Gozag.
 21903 | Shoals:4 | Entered Level 4 of the Shoals
 21908 | Shoals:4 | Noticed Ilsuiw
 21915 | Shoals:4 | Killed Ilsuiw
 21983 | Shoals:4 | Received a gift from Okawaru
 22197 | Shoals:4 | Found Awall's Distillery.
 22204 | Shoals:4 | Received a gift from Okawaru
 22233 | Shoals:4 | Bought a potion of heal wounds for 95 gold pieces
 22233 | Shoals:4 | Bought a potion of curing for 57 gold pieces
 22233 | Shoals:4 | Bought a potion of heal wounds for 95 gold pieces
 22233 | Shoals:4 | Bought 2 potions of curing for 114 gold pieces
 22233 | Shoals:4 | Bought a potion of curing for 57 gold pieces
 22233 | Shoals:4 | Bought a potion of curing for 57 gold pieces
 22233 | Shoals:4 | Bought a potion of curing for 57 gold pieces
 22467 | Shoals:4 | Noticed Roxanne
 22477 | Shoals:4 | Killed Roxanne
 22547 | Shoals:4 | Identified the +8 hand axe of Urgency {freeze, rElec rF+}
 22559 | Shoals:4 | Reached XP level 18. HP: 154/154 MP: 24/24
 22589 | Shoals:4 | Received a gift from Okawaru
 22663 | Shoals:4 | Got a barnacled rune of Zot
 22742 | Shoals:4 | Got Sif Muna's Vellum of the Big Bang
 23142 | Lair:2   | Acquired the +0 pair of gloves of Zigik {rF+ rN+}
 23144 | Lair:2   | Acquired a +1 heavy hand cannon
 23194 | Snake:1  | Entered Level 1 of the Snake Pit
 23199 | Snake:1  | Reached skill level 15 in Dodging
 23216 | Snake:1  | Noticed Fadon's ghost (adept MDRe)
 23356 | Snake:1  | Received a gift from Okawaru
 23426 | Snake:1  | Found a runed translucent gate.
 23427 | Snake:1  | Found a runed translucent gate.
 23428 | Snake:1  | Found a runed translucent gate.
 23428 | Snake:1  | Found a shimmering altar of Xom.
 23695 | Snake:2  | Noticed Nikola
 23702 | Snake:2  | Killed Nikola
 24559 | Snake:3  | Received a gift from Okawaru
 24732 | Snake:3  | Noticed Agnes
 24740 | Snake:3  | Killed Agnes
 24771 | Snake:4  | Entered Level 4 of the Snake Pit
 24773 | Snake:4  | Noticed Bai Suzhen
 24794 | Snake:3  | Killed Bai Suzhen
 25014 | Snake:4  | Identified the serpent talisman "Ferirphal" {Will++ Stlth-}
 25014 | Snake:4  | Noticed Aizul
 25024 | Snake:4  | Killed Aizul
 25094 | Snake:3  | Received a gift from Okawaru
 25165 | Snake:4  | Reached XP level 19. HP: 167/167 MP: 25/25
 25228 | Snake:4  | Found Sivaos's Jewellery Boutique.
 25394 | Snake:4  | Noticed Vashnia
 25405 | Arena    | Entered the Arena
 25409 | Arena    | Killed Vashnia
 25409 | Arena    | Received a gift from Okawaru
 25439 | Snake:4  | Found an iron altar of Okawaru.
 25449 | Snake:4  | Got a jade gem with 130 turns to spare
 25486 | Snake:4  | Got a serpentine rune of Zot
 25819 | Snake:3  | Found a runed translucent door.
 26445 | Elf:1    | Entered Level 1 of the Elven Halls
 26515 | Elf:1    | Found Funny's Book Emporium.
 26728 | Elf:2    | Found Vevi's Antique Weapon Emporium.
 26744 | Elf:3    | Entered Level 3 of the Elven Halls
 26754 | Elf:3    | Received a gift from Okawaru
 26934 | Abyss:3  | Cast into level 3 of the Abyss (a deep elf sorcerer)
 27003 | Elf:3    | Escaped the Abyss
 27039 | Elf:3    | Found a shimmering altar of Xom.
 27074 | Elf:3    | Received a gift from Okawaru
 27104 | Elf:3    | Identified the +0 robe of Dagifag {rN+ Regen+ Slay+5}
 27104 | Elf:3    | Identified the ring of Doubt {rC+ MP+9 EV+5 Int-5}
 27177 | Elf:3    | Identified the +10 falchion of the Disturbing Spirits
                  | {vamp, rPois Str+7 Stlth-}
 27213 | Elf:3    | Identified the +9 orcbow of the Bequeathed God {heavy,
                  | rElec Int+3}
 27219 | Elf:3    | Identified the ring "Dikhlas" {rPois rC+ SInv Stlth+}
 27223 | Elf:3    | Identified the +0 chain mail of Solemn the Good {rC- Int+2
                  | Slay+3}
 27225 | Elf:3    | Identified the ring of Gatz {Fly rElec Int+7 Stlth-}
 27267 | Elf:3    | Identified the +0 helmet of Infinity {rC+ Regen+}
 27297 | Elf:3    | Identified the +9 trident "Juilut" {vamp, rF- Int+2 Dex+3}
 27373 | Elf:3    | Got a shimmering gem with 937 turns to spare
 27508 | Elf:3    | Received a gift from Okawaru
 27772 | Elf:2    | Reached XP level 20. HP: 182/182 MP: 26/26
 27908 | Elf:2    | Found Remill's Distillery.
 27908 | Elf:2    | Found Satycoer's Armour Boutique.
 27912 | Elf:2    | Bought a potion of heal wounds for 55 gold pieces
 27912 | Elf:2    | Bought a potion of curing for 33 gold pieces
 27912 | Elf:2    | Bought 2 potions of mutation for 176 gold pieces
 27916 | Elf:2    | Bought a +1 helmet of see invisible for 214 gold pieces
 27985 | Elf:2    | Found Heirphogh's Assorted Antiques.
 28078 | Elf:2    | Identified the +8 rapier of Friendship {heavy, +Blink rC-
                  | Dex+6 Stlth+}
 28086 | Elf:2    | Found a runed translucent gate.
 28117 | Elf:2    | Found a runed translucent gate.
 28119 | Elf:2    | Found a runed translucent gate.
 28311 | Elf:2    | Received a gift from Okawaru
 28875 | Elf:1    | Acquired 676 gold pieces
 29158 | Elf:1    | Received a gift from Okawaru
 29375 | Elf:1    | Found a shimmering blue altar of Sif Muna.
 29760 | D:15     | Entered Level 15 of the Dungeon
 29812 | D:15     | Noticed Nessos
 29814 | D:15     | Killed Nessos
 29841 | D:15     | Found a shimmering blue altar of Sif Muna.
 30011 | D:15     | Identified the +1 chain mail "Hueptowk" {rC++}
 30265 | D:15     | Found a staircase to the Depths.
 30548 | Vaults:1 | Entered Level 1 of the Vaults
 30616 | Vaults:1 | Received a gift from Okawaru
 30775 | Vaults:1 | Got Qokacid's Atlas of the Aerial Scorpion
 30783 | Vaults:1 | Got the Guide on the Venomous Anticline
 31052 | Vaults:1 | Reached XP level 21. HP: 196/196 MP: 27/27
 31052 | Vaults:1 | Acquired a manual of Evocations
 31384 | Vaults:1 | Found a runed translucent gate.
 31384 | Vaults:1 | Found a runed translucent gate.
 31384 | Vaults:1 | Found a runed translucent gate.
 31385 | Vaults:1 | Noticed TwadoKnight's ghost (adept MiFi)
 31538 | Vaults:1 | Killed TwadoKnight's ghost
 31544 | Vaults:1 | Received a gift from Okawaru
 31574 | Vaults:1 | Identified the +1 scale mail of Noughts and Crosses {rElec
                  | rPois}
 31695 | Vaults:2 | You fall into a shaft and drop 2 floors!
 31737 | Vaults:4 | Found Lotubb's Book Shoppe.
 32029 | Vaults:4 | Identified the +2 robe "Qireth" {rC+ Dex-2 SInv}
 32029 | Vaults:4 | Noticed Boris
 32043 | Vaults:4 | Killed Boris
 32116 | Vaults:4 | Received a gift from Okawaru
 32299 | Vaults:4 | Noticed Margery
 32319 | Vaults:4 | Killed Margery
 32403 | Vaults:4 | Noticed Mara
 32409 | Vaults:4 | Noticed Biggs's illusion
 32410 | Vaults:4 | Killed Mara
 32478 | Vaults:4 | Received a gift from Okawaru
 32793 | Vaults:5 | Entered Level 5 of the Vaults
 32795 | Vaults:5 | Noticed a dread lich
 32841 | Vaults:5 | Paralysed by a sphinx for 3 turns
 32962 | Vaults:5 | Received a gift from Okawaru
 33147 | Vaults:5 | Noticed Mennas
 33147 | Vaults:5 | Noticed a dread lich
 33157 | Vaults:5 | Killed a dread lich
 33158 | Vaults:5 | Reached XP level 22. HP: 151/202 MP: 28/28
 33176 | Vaults:5 | Noticed a dread lich
 33306 | Vaults:5 | Received a gift from Okawaru
 33310 | Vaults:5 | Reached skill level 10 in Evocations
 33400 | Vaults:5 | Noticed a golden dragon
 33464 | Vaults:5 | Identified the +1 orcbow "Yzi Nem" {antimagic, rElec rC-
                  | Will+ Str+4}
 33553 | Vaults:5 | Found Qamaut's Distillery.
 33562 | Vaults:5 | Bought a potion of curing for 63 gold pieces
 33562 | Vaults:5 | Bought a potion of mutation for 168 gold pieces
 33562 | Vaults:5 | Bought a potion of resistance for 210 gold pieces
 33637 | Vaults:5 | Killed a dread lich
 33638 | Vaults:5 | Reached skill level 15 in Evocations
 33640 | Vaults:5 | Received a gift from Okawaru
 33719 | Vaults:5 | Killed a dread lich
 33900 | Vaults:5 | Got a silver rune of Zot
 33902 | Vaults:5 | Got a shining gem with 439 turns to spare
 33925 | Vaults:5 | Identified the +0 cloak of the Other World {Fly rF++}
 34112 | Vaults:5 | Killed Mennas
 34168 | Vaults:5 | Received a gift from Okawaru
 34247 | Vaults:5 | Identified the +5 spear of Blind Justice {freeze, Will+
                  | rCorr}
 34352 | Vaults:5 | Killed a golden dragon
 34467 | Vaults:3 | Found a magical portal.
 34476 | WizLab   | Entered Maxwell's Workshop
 34537 | WizLab   | Identified the ring "Pafeez" {Ice rPois Str-2 Dex+3 Slay+2}
 34636 | WizLab   | Reached XP level 23. HP: 211/211 MP: 29/29
 34655 | WizLab   | Identified the +3 leather armour of Gozag's Approval
                  | {+Blink rElec rPois}
 34700 | WizLab   | Received a gift from Okawaru
 34777 | WizLab   | Identified the +3 leather armour of the Hart {Rampage
                  | rPois}
 35219 | Vaults:3 | Received a gift from Okawaru
 35970 | Vaults:2 | Noticed Saint Roka
 35975 | Vaults:2 | Killed Saint Roka
 36198 | Vaults:2 | Received a gift from Okawaru
 36295 | Vaults:2 | Found a staircase to the Crypt.
 36589 | Vaults:2 | Found Ciugor's Weapon Shoppe.
 37191 | Depths:1 | Entered Level 1 of the Depths
 37301 | Depths:1 | Reached skill level 10 in Armour
 37350 | Depths:1 | Identified the +4 robe of Wariness {rElec rF++ Dex+4}
 37350 | Depths:1 | Noticed Boris
 37359 | Depths:1 | Killed Boris
 37359 | Depths:1 | Received a gift from Okawaru
 37630 | Depths:1 | Found a one-way gate to the infinite horrors of the Abyss.
 37708 | Depths:1 | Found a gateway to Hell.
 38093 | Depths:2 | Reached XP level 24. HP: 204/219 MP: 29/29
 38143 | Depths:2 | Noticed a juggernaut
 38143 | Depths:2 | Noticed a caustic shrike
 38143 | Depths:2 | Noticed a caustic shrike
 38143 | Depths:2 | Noticed a caustic shrike
 38374 | Depths:2 | Received a gift from Okawaru
 38435 | Depths:2 | Killed a caustic shrike
 38437 | Depths:2 | Killed a caustic shrike
 38590 | Depths:2 | Killed a caustic shrike
 38692 | Depths:2 | Killed a juggernaut
 38791 | Depths:2 | Found a one-way gate leading to the halls of Pandemonium.
 38802 | Depths:2 | Acquired 1128 gold pieces
 38965 | Depths:3 | Found Pew Font's Jewellery Emporium.
 38966 | Depths:3 | Found Zurybba Beku's Book Boutique.
 38967 | Depths:3 | Found Vituasao's Jewellery Emporium.
 39127 | Depths:3 | Noticed Vv
 39128 | Depths:3 | Received a gift from Okawaru
 39153 | Depths:3 | Killed Vv
 39463 | Depths:3 | Noticed a juggernaut
 39472 | Depths:3 | Killed a juggernaut
 39529 | Depths:3 | Received a gift from Okawaru
 39573 | Depths:3 | Identified the staff of the Glowing Gods {rElec rN+ Air}
 39636 | Depths:3 | Found a broken altar of Ashenzari.
 39736 | Depths:4 | Entered Level 4 of the Depths
 39920 | Depths:4 | Received a gift from Okawaru
 39924 | Depths:4 | Reached XP level 25. HP: 195/225 MP: 29/29
 39959 | Depths:4 | Identified the +2 robe of the Rose {rN+ Will- Str+4}
 39959 | Depths:4 | Noticed Boris
 39966 | Depths:4 | Killed Boris
 40314 | Depths:4 | Found a gate to the Realm of Zot.
 40379 | Depths:4 | Found a one-way gateway to a ziggurat.
 40639 | Depths:4 | Found a shadowy altar of Dithmenos.
 40733 | Zot:1    | Entered Level 1 of the Realm of Zot
 40748 | Zot:1    | Received a gift from Okawaru
 41746 | Zot:2    | Received a gift from Okawaru
 41904 | Zot:2    | Identified the +6 rapier of Lies {speed, rElec rF- rN+++
                  | Str-2}
 42141 | Zot:2    | Identified the staff of Selot {rN+ Int+3 Necro}
 42155 | Zot:2    | Identified the +1 scale mail "Methruwn" {rC- Str+5 Int-3
                  | Stlth+}
 42156 | Zot:2    | Identified the +4 spear of Disembowelment {drain, Str+2
                  | Int+3}
 42584 | Zot:3    | Received a gift from Okawaru
 42807 | Zot:3    | Reached XP level 26. HP: 129/237 MP: 27/29
 43224 | Zot:3    | Acquired 415 gold pieces
 43683 | Zot:4    | Received a gift from Okawaru
 44205 | Zot:4    | Reached skill level 27 in Fighting
 44267 | Zot:4    | Got the Tome of Displacement and Iniquitous Spells
 44443 | Zot:5    | Entered Level 5 of the Realm of Zot
 44443 | Zot:5    | Noticed a Killer Klown
 44448 | Zot:5    | Killed a Killer Klown
 44566 | Zot:5    | Received a gift from Okawaru
 45011 | Zot:5    | Noticed a dread lich
 45028 | Zot:5    | Killed a dread lich
 45046 | Zot:5    | Noticed a Killer Klown
 45047 | Zot:5    | Noticed a dread lich
 45051 | Zot:5    | Noticed a Killer Klown
 45059 | Zot:5    | Noticed a Killer Klown
 45067 | Zot:5    | Killed a dread lich
 45068 | Zot:5    | Killed a Killer Klown
 45074 | Zot:5    | Killed a Killer Klown
 45083 | Zot:5    | Killed a Killer Klown
 45083 | Zot:5    | Received a gift from Okawaru
 45190 | Zot:5    | Noticed an orb of fire
 45192 | Zot:5    | Noticed an orb of fire
 45197 | Zot:5    | Gained mutation: You occasionally shout uncontrollably at
                  | your foes. [an orb of fire]
 45201 | Zot:5    | Gained mutation: You are dopey. (Int -2) [an orb of fire]
 45201 | Zot:5    | Noticed a Killer Klown
 45204 | Zot:5    | Gained mutation: Your body sometimes deteriorates upon
                  | taking damage. [an orb of fire]
 45208 | Zot:5    | Gained mutation: You have hidden genetic potential. [an orb
                  | of fire]
 45210 | Zot:5    | Gained mutation: You are very dopey. (Int -4) [an orb of
                  | fire]
 45211 | Zot:5    | Killed an orb of fire
 45215 | Zot:5    | Killed an orb of fire
 45230 | Zot:5    | Killed a Killer Klown
 45231 | Zot:5    | Reached XP level 27. HP: 189/249 MP: 29/29
 45375 | Zot:5    | Noticed a dread lich
 45379 | Zot:5    | Noticed an orb of fire
 45384 | Zot:5    | Gained mutation: You have very sharp teeth. [an orb of
                  | fire]
 45393 | Zot:5    | Gained mutation: You sometimes lose your temper in combat.
                  | [an orb of fire]
 45397 | Zot:5    | Gained mutation: Your muscles are strong. (Str +4, Int/Dex
                  | -1) [an orb of fire]
 45400 | Zot:5    | Gained mutation: You are frail. (-10% HP) [an orb of fire]
 45405 | Zot:5    | Gained mutation: You are very frail. (-20% HP) [an orb of
                  | fire]
 45406 | Zot:5    | Killed an orb of fire
 45434 | Zot:5    | Reached skill level 27 in Dodging
 45530 | Zot:5    | Received a gift from Okawaru
 45700 | Zot:5    | Killed a dread lich
 45756 | Zot:5    | Got the Orb of Zot
 45946 | Zot:2    | Noticed Posyujist the pandemonium lord
 45956 | Zot:2    | HP: 1/199 [Posyujist the pandemonium lord (16)]
 46328 | D:13     | Noticed Lataguen the pandemonium lord
 46330 | D:13     | Reached skill level 15 in Armour
 46341 | D:13     | Killed Lataguen the pandemonium lord
 46341 | D:13     | Received a gift from Okawaru
 46817 | D:$      | Escaped with the Orb!

Illustrated notes

Levels and vault maps discovered:
D:1:      eino_arrival_druids_welcome, layout_basic, serial_shops, shop,
          shapermc_ecumenical_altar_gd, corner_web_ring, st_stairs_8
D:2:      layout_basic, serial_shops, shop, shop, shop, shop, shop,
          grunt_ministairs_14, minmay_misc_feat_secret_circle,
          serial_bayou_pond_d, minmay_worlds_worst_comb, uniq_crazy_yiuf_cottage
D:3:      layout_loops_cross, nicolae_qazlal_scattered_showers
D:4:      layout_basic, nicolae_overflow_hidden_temple, marbit_many_paths,
          temple_fountains, minmay_bent
D:5:      layout_basic, grunt_ashenzari_visionary
          [grunt_ashenzari_visionary_shoals, grunt_ashenzari_visionary_snake],
          yredelemnul_altar_generic, serial_shops, shop, uniq_grinder,
          uniq_eustachio
D:6:      layout_cave_pods
D:7:      old_forge, layout_loops_corners, patterned_corridor
D:8:      layout_basic, mainiacjoe_overflow_alcove_1
D:9:      layout_irregular_city, hellmonk_lair_entry_icy, orc_david_3,
          serial_shops, nicolae_book_shop_shelving, uniq_erica, uniq_maurice,
          uniq_grum
D:10:     layout_roguey, enter_bailey_3, nrook_mini_backslash,
          mumra_transporter_accident, uniq_gastronok
D:11:     layout_rooms, skrybe_limestone_x, uniq_lodul
D:12:     layout_basic, serial_shops, shop, uniq_josephine
D:13:     layout_roguey, onia_ninara_dug_in_and_dangerous
D:14:     layout_cave_pods, david_vaults_4, serial_park_tiny_2,
          einodemon_barbed_minivault
D:15:     grunt_enter_depths_magical_seal, layout_loops_ring,
          serial_bayou_pond_d, kennysheep_orc_sif_temple, uniq_nessos
Temple:   chequers_temple_sunken
Lair:1:   layout_long_grid
Lair:2:   layout_roguey, shoals_dummy_entry, beast_lair_carwin_11
Lair:3:   layout_hall_layers, minmay_snake_entry_guardpost_small, serial_bayou,
          serial_bayou_crossing, serial_bayou_ford_a, serial_bayou_pond_b,
          serial_bayou_pond_d, beast_lair_carwin_2
Lair:4:   layout_roguey, dpeg_slime_entry_enclosed, evilmike_ambush
          [evilmike_ambush_outer_pillars, evilmike_ambush_inner_basic],
          grunt_megastairs_2
Lair:5:   due_jungle_book, layout_regular_city, bh_autumn_forest_stairs
Shoals:1: layout_shoals, lemuel_oklob_altar, uniq_donald
Shoals:2: gammafunk_sealed_arena, layout_shoals,
          portal_ice_cave_entry_ice_statue_one, serial_shops, shop,
          nicolae_shop_vocational, uniq_polyphemus
Shoals:3: layout_shoals, hangedman_feature_mirror, uniq_louise
Shoals:4: shoals_end_grunt_garden, layout_shoals, shoals_ilsuiw_ice,
          serial_shops, nicolae_shop_pleasant_corner_grove,
          nicolae_shoals_spectral_cove, uniq_roxanne
Snake:1:  layout_cave_shapes, gammafunk_ghost_split, basic_altar, drop_trap,
          nrook_loot_triangle
Snake:2:  layout_cave_town, uniq_nikola
Snake:3:  cheibrodos_toxic_ritual, layout_cave_town, uniq_agnes
Snake:4:  grunt_snake_rune_serpentine_throne, layout_rooms,
          minmay_shop_enchanted_jewellery, grunt_megastairs_5, uniq_aizul,
          uniq_bai_suzhen
Orc:1:    layout_caves, serial_shops, nicolae_diamond_shop
Orc:2:    grunt_orc_tribal_feast, layout_caves, serial_shops,
          nicolae_shop_hallway_stairs, mines2_lemuel, uniq_sonja, uniq_urug
Elf:1:    eino_elf_arrival_sip, layout_onion_city, serial_shops, shop,
          guppyfry_elf_altar, nicolae_concentric_dashed_squares_mild
Elf:2:    nicolae_elf_blades_splatter_lattice [nicolae_blade_entry_antechamber],
          layout_geoelf_octagon, serial_shops, shop,
          nicolae_shop_overgrown_old_shop, nicolae_shop_behind_doors,
          nicolae_shop_tiny_waterfront, drop_trap, nicolae_elf_stair_hall
Elf:3:    elf_hall, layout_loops_cross, basic_altar
Vaults:1: gammafunk_ghost_necromancy, v_rooms_4, v_misc_33,
          nicolae_vaults_disjoint_gnomons, v_misc_1, v_misc_22,
          nicolae_vaults_storage_room_doors, nicolae_vaults_diamond_1,
          vaults_room_semicircle, nicolae_vaults_library_corner,
          layout_vaults_omnicross
Vaults:2: minmay_crypt_entry_simple_corners, nicolae_vaults_hexular_roomagon,
          nicolae_vaults_layer_cake_slice, ontoclasm_vaults_bender,
          nicolae_vaults_network_star, nicolae_vaults_tetromino_L_2,
          nicolae_vaults_house_3, dpeg_vaults_monster_row, v_alt_pattern_6,
          nicolae_vaults_ring_of_whatevers, nicolae_vaults_tetromino_L_1,
          v_misc_11, layout_vaults_ring, serial_shops,
          nicolae_shop_rolling_square, uniq_saint_roka
Vaults:3: mu_enter_wizlab_5, nicolae_vaults_corridor_and_loot_room,
          nicolae_vaults_prndl, hangedman_vaults_unwind,
          nicolae_vaults_layer_cake_slice, nicolae_vaults_house_2,
          v_alt_pattern_6, layout_vaults_omnigrid
Vaults:4: nicolae_vaults_ring_of_whatevers, hangedman_vaults_corner_blocks,
          nicolae_vaults_house_2, nicolae_vaults_storage_closets_1,
          nicolae_vaults_house_2, v_alt_pattern_6, nicolae_vaults_tetromino_Z_1,
          vaults_room_semicircle, layout_vaults_chaotic_city, serial_shops,
          shop, uniq_boris, uniq_mara, uniq_margery
Vaults:5: uniq_mennas
Depths:1: layout_gridlike, abyss_entry, hell_entry, lemuel_flamethrower_1
Depths:2: cheibrodos_spurs, layout_gridville, grunt_pan_entry_in_and_out,
          pf_hell_entry_tar_river, corexii_corridor_pit, uniq_josephina
Depths:3: kennysheep_four_of_diamonds, layout_cave_pools,
          ashenzari_conservatory_becter, abyss_entry, hangedman_coc_ice_floe,
          minmay_shop_grove, uniq_vv
Depths:4: grunt_twist_and_shout, layout_basic, enter_ziggurat_f,
          grunt_dithmenos_smoke, grunt_hell_entry_dis_mu, pan_entry
Zot:1:    layout_basic, grunt_ministairs_15
Zot:2:    layout_misc_corridors, regret_index_zotdec_ex, drop_trap,
          st_large_dragon_hoard_2
Zot:3:    layout_concentric_octagons, regret_index_zotdec_banners
Zot:4:    layout_misc_corridors, hangedman_elemental_corridor,
          grunt_megastairs_4
Zot:5:    layout_gridlike, regret_index_zotdec_plus

Skill      XL: |  1  2  3  4  5  6  7  8  9 10 11 12 13 14 15 16 17 18 19 20 21 22 23 24 25 26 27 |
---------------+----------------------------------------------------------------------------------+-----
Ranged Weapons | 4 5 6 7 9 11 14 15 17 18 | 18.0
Dodging        | 4 9 10 14 15 18 20 21 23 24 26 27 | 27.0
Fighting       | 5 8 12 16 17 19 22 24 25 27 | 27.0
Evocations     | 5 16 | 16.2
Invocations    | 5 8 |  8.0
Armour         | 6 11 12 15 | 15.7
Stealth        | |  0.7

Action                     |  1- 3 |  4- 6 |  7- 9 | 10-12 | 13-15 | 16-18 | 19-21 | 22-24 | 25-27 || total
---------------------------+-------+-------+-------+-------+-------+-------+-------+-------+-------++-------
  Melee: Sling             |       |       |     2 |       |       |       |       |       |       ||     2
         Greatsling        |       |       |       |       |       |       |       |       |    13 ||    13
         Hand cannon       |       |       |       |       |       |       |       |       |    12 ||    12
   Fire: Sling             |   146 |   200 |   682 |  1034 |       |       |       |       |       ||  2062
         Hand cannon       |       |       |       |   182 |   663 |  1327 |  1994 |  1549 |  2071 ||  7786
         Greatsling        |       |       |       |    36 |   663 |   745 |       |   983 |   233 ||  2660
 Invoke: Receive Weapon    |       |       |       |     1 |       |       |       |       |       ||     1
         Receive Armour    |       |       |       |     1 |       |       |       |       |       ||     1
         Finesse           |       |       |       |       |       |       |     4 |     5 |     7 ||    16
         Duel              |       |       |       |       |       |       |     1 |       |       ||     1
Ability: Invent Gizmo      |       |       |       |       |     1 |       |       |       |       ||     1
  Evoke: Wand              |       |       |       |    10 |       |       |       |     3 |       ||    13
         Tin of tremorston |       |       |       |       |       |       |       |     1 |       ||     1
    Use: Potion            |       |       |     1 |     1 |       |     3 |     4 |     9 |     4 ||    22
         Scroll            |       |       |       |    10 |     3 |    20 |     9 |    14 |     9 ||    65
 Armour: Leather armour    |    19 |    28 |    79 |   110 |       |       |       |       |       ||   236
         Troll leather arm |       |       |       |    98 |   132 |   359 |   345 |   371 |       ||  1305
         Skin              |       |       |       |       |       |       |       |     1 |       ||     1
         Quicksilver drago |       |       |       |       |       |       |       |     5 |   516 ||   521
  Dodge: Dodged            |    18 |    12 |   110 |   163 |   194 |   438 |   404 |   713 |   862 ||  2914

Table legend: (Time is in decaauts)
 A = Elapsed time spent in this place.
 B = Non-inter-level travel time spent in this place.
 C = Inter-level travel time spent in this place.
 D = Time resting spent in this place.
 E = Time spent auto-exploring this place.
 F = Levels seen in this place.
 G = Mean time per level.
                   A        B        C        D        E       F      G
               +--------+--------+--------+--------+--------+-----+--------+
         Total |  46806 |  42176 |   4630 |    739 |  31965 |  53 |  883.1 |
       Dungeon |  15455 |  13060 |   2395 |    355 |  10561 |  15 | 1030.3 |
        Temple |     53 |     39 |     14 |      8 |      0 |   1 |   53.0 |
          Lair |   4152 |   3850 |    302 |     46 |   3052 |   5 |  830.4 |
        Shoals |   3330 |   3101 |    229 |      0 |   2265 |   4 |  832.5 |
     Snake Pit |   3126 |   2923 |    203 |     41 |   2204 |   4 |  781.5 |
  Orcish Mines |   1375 |   1159 |    216 |      0 |    933 |   2 |  687.5 |
   Elven Halls |   3042 |   2832 |    210 |     61 |   1984 |   3 | 1014.0 |
        Vaults |   6048 |   5661 |    387 |     93 |   4201 |   5 | 1209.6 |
        Depths |   3635 |   3374 |    261 |      0 |   2482 |   4 |  908.8 |
           Zot |   5409 |   4998 |    411 |    123 |   3570 |   5 | 1081.8 |
         Abyss |     68 |     68 |      0 |      0 |     51 |   1 |   68.0 |
        Bailey |    314 |    314 |      0 |      0 |    145 |   1 |  314.0 |
      Ice Cave |    374 |    374 |      0 |     12 |    266 |   1 |  374.0 |
        Wizlab |    404 |    404 |      0 |      0 |    249 |   1 |  404.0 |
         Arena |     14 |     14 |      0 |      0 |      0 |   1 |   14.0 |
               +--------+--------+--------+--------+--------+-----+--------+

Top non-repeatable levels by time:
     D:9: 1797 daAuts
     D:7: 1614 daAuts
Vaults:5: 1549 daAuts
   Zot:5: 1424 daAuts
     D:4: 1379 daAuts
     D:8: 1276 daAuts
     D:5: 1203 daAuts
   Elf:1: 1179 daAuts
  Lair:5: 1175 daAuts
Vaults:3: 1172 daAuts
     D:2: 1165 daAuts
Vaults:1: 1158 daAuts
   Zot:1: 1139 daAuts
Shoals:4: 1130 daAuts
Vaults:4: 1124 daAuts
